 Dungeon Crawl Stone Soup version 0.27.1-2-g3b301248ec (webtiles) character file.

Game seed: 6372050085487024853

220736 Rickety the Luminary of Lethal Lore (level 19, 0/148 HPs)
             Began as a Gnoll Conjurer on Sept 26, 2021.
             Was the Champion of Vehumet.
             Collided with a metal wall (15 damage)
             ... caused by a deep elf knight
             ... on level 2 of the Elven Halls on Sept 27, 2021.
             The game lasted 04:23:47 (51459 turns).

Rickety the Luminary of Lethal Lore (GnCj)         Turns: 51459, Time: 04:23:47

Health: 0/148      AC: 18    Str:  8    XL:     19   Next: 18%
Magic:  2/45       EV: 16    Int: 23    God:    Vehumet [******]
Gold:   2476       SH: 12    Dex: 12    Spells: 4/44 levels left

rFire    + . .     SeeInvis .   a - staff of conjuration
rCold    . . .     Faith    .   O - +0 buckler {rF+}
rNeg     . . .     Spirit   .   n - +0 troll leather armour
rPois    +         Reflect  +   d - +1 hat {Will+}
rElec    .         Harm     .   s - +1 cloak
rCorr    .         Rampage  .   B - +3 pair of gauntlets of War {Slay+5}
Will     ++...                  Q - +2 pair of boots
Stlth    +++++.....             W - amulet of reflection
HPRegen  1.34/turn              o - ring of magical power
MPRegen  0.29/turn              J - ring of poison resistance

@: no status effects
A: fangs 1, strong nose, distributed training
}: 1/15 runes: decaying
a: Renounce Religion


You were on level 2 of the Elven Halls.
You worshipped Vehumet.
Vehumet was exalted by your worship.
You visited 7 branches of the dungeon, and saw 33 of its levels.
You also visited: Ice Cave and Volcano.

You collected 3054 gold pieces.
You spent 578 gold pieces at shops.

Inventory:

Hand Weapons
 b - a +3 dagger of venom
Missiles
 g - 141 poisoned darts
 E - 13 curare-tipped darts
 L - a throwing net
Armour
 d - a +1 hat of willpower (worn)
 i - a +2 robe of fire resistance
 n - a +0 troll leather armour (worn)
 s - a +1 cloak (worn)
 u - a +1 leather armour of poison resistance
 B - the +3 pair of gauntlets of War (worn) {Slay+5}
   (You found it in a volcano)

   Slay:      It affects your accuracy & damage with ranged weapons and melee
   (+5).
 K - a +2 robe of cold resistance
 N - a +2 robe of positive energy
 O - a +0 buckler of fire resistance (worn)
 Q - a +2 pair of boots (worn)
Magical Staves
 a - a staff of conjuration (weapon)
Jewellery
 o - a ring of magical power (left hand)
 p - a ring of fire
 q - a ring of ice
 D - a ring of ice
 J - a ring of poison resistance (right hand)
 W - an amulet of reflection (around neck)
Wands
 j - a wand of digging (4)
 x - a wand of flame (26)
 y - a wand of polymorph (46)
 F - a wand of paralysis (6)
 H - a wand of mindburst (33)
 V - a wand of charming (15)
 Y - a wand of iceblast (22)
Scrolls
 f - 6 scrolls of teleportation
 t - a scroll of identify
 A - 4 scrolls of fog
 G - 3 scrolls of fear
 R - 2 scrolls of blinking
Potions
 c - 6 potions of berserk rage
 e - 3 potions of resistance
 h - 9 potions of lignification
 k - 3 potions of heal wounds
 l - 3 potions of brilliance
 m - 5 potions of flight
 r - 4 potions of haste
 v - 4 potions of cancellation
 z - 10 potions of curing
 I - a potion of ambrosia
 S - 5 potions of invisibility
 T - 5 potions of might
 Z - a potion of magic
Miscellaneous
 w - a phantom mirror
 C - a condenser vane
 M - a tin of tremorstones (2/2)


   Skills:
 + Level 12.6 Fighting
 + Level 12.6 Short Blades
 + Level 12.6 Long Blades
 + Level 12.6 Axes
 + Level 12.6 Maces & Flails
 + Level 12.6 Polearms
 + Level 12.6 Staves
 + Level 12.6 Slings
 + Level 12.6 Bows
 + Level 12.6 Crossbows
 + Level 12.6 Throwing
 + Level 12.6 Armour
 + Level 13.3 Dodging
 + Level 13.2 Stealth
 + Level 12.6 Shields
 + Level 12.6 Unarmed Combat
 + Level 13.4 Spellcasting
 + Level 12.6 Conjurations
 + Level 10.8 Hexes
 + Level 10.8 Summonings
 + Level 10.8 Necromancy
 + Level 10.8 Translocations
 + Level 10.8 Transmutations
 + Level 10.8 Fire Magic
 + Level 10.8 Ice Magic
 + Level 10.8 Air Magic
 + Level 10.8 Earth Magic
 + Level 10.8 Poison Magic
 + Level 13.6 Invocations
 + Level 12.6 Evocations


You had 4 spell levels left.
You knew the following spells:

 Your Spells              Type           Power      Damage    Failure   Level
a - Magic Dart            Conj           100%       1d8       1%          1
d - Dazzling Flash        Conj/Hex       100%       N/A       1%          3
g - Summon Guardian Gole  Hex/Summ       60%        N/A       1%          3
k - Iskenderun's Mystic   Conj/Tloc      81%        2d16      1%          4
l - Blink                 Tloc           N/A        N/A       1%          2
m - Mephitic Cloud        Conj/Pois/Air  80%        N/A       1%          3
n - Fulminant Prism       Conj/Hex       40%        3d20      1%          4
r - Searing Ray           Conj           100%       3d7       1%          2
w - Swiftness             Air            60%        N/A       1%          3
F - Freezing Cloud        Conj/Ice/Air   40%        6-21      1%          5
V - Borgnjor's Vile Clut  Necr/Erth      30%        N/A       1%          5
Y - Yara's Violent Unrav  Hex/Tmut       30%        3d13      1%          5

Your spell library contained the following spells:

 Spells                   Type           Power      Damage    Failure   Level
 Chain Lightning          Conj/Air       40%        3d54      100%        9
 Fire Storm               Conj/Fire      40%        8d10      100%        9
 Polar Vortex             Ice            30%        N/A       100%        9
 Animate Skeleton         Necr           100%       N/A       1%          1
 Pain                     Necr           100%       1d9       1%          1
 Shock                    Conj/Air       100%       1d9       1%          1
 Summon Small Mammal      Summ           100%       N/A       1%          1
 Call Imp                 Summ           60%        N/A       1%          2
 Static Discharge         Conj/Air       81%        N/A       1%          2
 Sublimation of Blood     Necr           30%        N/A       1%          2
 Call Canine Familiar     Summ           60%        N/A       1%          3
 Gell's Gravitas          Tloc           30%        N/A       1%          3
 Lesser Beckoning         Tloc           30%        N/A       1%          3
 Teleport Other           Tloc           60%        N/A       1%          3
 Vampiric Draining        Necr           30%        2d10      1%          3
 Airstrike                Air            30%        N/A       1%          4
 Animate Dead             Necr           30%        N/A       1%          4
 Petrify                  Tmut/Erth      60%        N/A       1%          4
 Summon Ice Beast         Ice/Summ       60%        N/A       1%          4
 Agony                    Necr           60%        N/A       1%          5
 Irradiate                Conj/Tmut      40%        3d27      1%          5
 Lee's Rapid Deconstruct  Erth           30%        3d17*     1%          5
 Lightning Bolt           Conj/Air       40%        1d59      1%          5
 Manifold Assault         Tloc           60%        N/A       1%          5
 Metabolic Englaciation   Hex/Ice        30%        N/A       1%          5
 Silence                  Hex/Air        30%        N/A       1%          5
 Orb of Destruction       Conj           42%        9d14      7%          7
 Death Channel            Necr           30%        N/A       9%          6
 Spellforged Servitor     Conj/Summ      40%        N/A       10%         7
 Maxwell's Capacitive Co  Air            30%        ∞         65%         8


Dungeon Overview and Level Annotations

Branches:
Dungeon (14/15)            Temple (1/1) D:4            Lair (6/6) D:8
  Swamp (4/4) Lair:3       Spider (4/4) Lair:4        Slime (0/5) Lair:5
    Orc (2/2) D:10            Elf (1/3) Orc:2        Vaults (0/5) D:14
  IceCv (visited)         Volcano (visited)

Altars:
Ashenzari
Cheibriados
Dithmenos
Elyvilon
Fedhas
Gozag
Hepliaklqana
Kikubaaqudgha
Makhleb
Nemelex Xobeh
Okawaru
Qazlal
Ru
Sif Muna
Trog
Uskayaw
Vehumet
Wu Jian
Xom
Yredelemnul
Zin
The Shining One
Beogh

Shops:
D:10 [   Orc:2 (:*[   Elf:1 (

Portals:
Hell: Lair:6

Annotations:
Spider:3 3 runed translucent doors, Cumomo's ghost, adept SpEn


Innate Abilities, Weirdness & Mutations

You have very sharp teeth.
Your uncanny sense of smell can sniff out nearby items.
Your experience applies equally to all skills.


Message History

You conjure a prism of explosive energy!
A fulminant prism comes into view.
The +2 glaive of distortion hits you from afar!!
Space bends around you.
The +2 scimitar of protection is engulfed in freezing vapours.
You block the +2 scimitar of protection's attack.
The +2 glaive of distortion hits you from afar!
Space bends around you.
The deep elf knight hits your fulminant prism with a +3 short sword!
Your fulminant prism crackles loudly.
A +3 trident of distortion comes into view.
The +2 short sword of flaming is engulfed in freezing vapours.
The +2 short sword of flaming hits you!
The +2 short sword of flaming burns you.
The +2 scimitar of protection is engulfed in freezing vapours.
You block the +2 scimitar of protection's attack.
The +2 short sword of flaming is engulfed in freezing vapours.
You block the +2 short sword of flaming's attack.
The +2 scimitar of protection is engulfed in freezing vapours.
The +2 scimitar of protection barely misses you.
The deep elf zephyrmancer points at you and mumbles some strange words.
The bolt of lightning hits you!!
* * * LOW HITPOINT WARNING * * *
The +2 glaive of distortion completely misses you.
Your fulminant prism explodes!
The blast of energy engulfs the deep elf knight!!!
The deep elf knight is severely wounded.
The blast of energy engulfs the +2 short sword of flaming!!
The +2 short sword of flaming falls from the air.
Vehumet accepts your kill.
The blast of energy engulfs the deep elf zephyrmancer!
The deep elf zephyrmancer is moderately wounded.
The blast of energy engulfs you!
* * * LOW HITPOINT WARNING * * *
The deep elf knight gestures at you while chanting.
The lance of force hits you!
* * * LOW HITPOINT WARNING * * *
You are knocked back by the lance of force.
You slam into the metal wall!
You die...

.......
..............
......(......
............#
........e...##
......e°§○.§§##
.......§§°§§§.#
......§°§§§§.##
......§§@((.##
.....*e.#.).##
.......###..)##
......# ##.).#
.......###...##
........#...##
............##
.............##
..........#


You could see a deep elf knight, a deep elf pyromancer (ally target), a deep elf
zephyrmancer, 3 dancing weapons and a friendly fulminant prism.

Vanquished Creatures
  Arachne (Spider:3)
  A tentacled monstrosity (Swamp:3)
  Rupert (D:12)
  Asterion (Spider:1)
  A deep elf blademaster (Elf:2)
  Gastronok (D:9)
  Donald (Spider:4)
  Kirke (D:14)
  A fenstrider witch (Swamp:3)
  An azure jelly (Swamp:4)
  2 orc warlords (Orc:2)
  2 deep elf sorcerers (Elf:1)
  An emperor scorpion (Spider:3)
  A ghost moth (Spider:1)
  Aizul (Spider:1)
  A stone giant (Volcano)
  A deep elf annihilator (Elf:1)
  5 entropy weavers
  Azrael (D:13)
  A bunyip (Swamp:4)
  2 eleionomae
  An ettin (Orc:1)
  The ghost of jjjjhere the Bludgeoner, a journeyman PaFi of Wu Jian (Lair:3)
  Josephine (D:14)
  7 boulder beetles
  15 hydras
  2 ice dragons (Swamp:4)
  2 catoblepae
  A spriggan air mage (Swamp:1)
  2 centaur warriors (D:13)
  16 dancing weapons
  5 two-headed ogres
  4 ghost crabs
  2 tengu warriors
  7 alligators
  An orc high priest (Orc:2)
  8 death yaks
  2 spriggan berserkers (Swamp:1)
  4 deep elf knights (Elf:2)
  Sonja (Lair:3)
  A sun demon (Lair:6)
  5 fire crabs (Lair:5)
  4 goliath frogs
  5 spriggan druids
  A flayed ghost (D:8)
  3 deep elf archers (Elf:1)
  2 lindwurms (Lair:1)
  A death drake (Swamp:3)
  2 swamp dragons
  7 ugly things
  2 bog bodies
  A necromancer (Lair:4)
  A harpy (shapeshifter) (D:13)
  7 orb spiders
  22 deep elf pyromancers
  12 deep elf zephyrmancers
  4 orc knights
  4 orc sorcerers
  15 wolf spiders
  5 manticores
  2 will-o-the-wisps
  4 cyclopes
  5 elephants
  2 ice statues
  Joseph (D:8)
  5 centaur zombies
  An apocalypse crab (Lair:5)
  7 black mambas
  5 gargoyles
  2 orange demons (Lair:6)
  3 torpor snails
  9 cane toads
  5 freezing wraiths
  8 demonic crawlers
  2 efreet
  An ice devil (IceCv)
  A hellwing (Lair:6)
  6 rime drakes
  2 kobold demonologists (D:11)
  7 komodo dragons
  4 red devils (Lair:6)
  7 trolls
  28 jumping spiders
  2 bloated husks
  3 meliai (D:14)
  3 polar bears (Lair:2)
  9 slime creatures
  Prince Ribbit (Lair:2)
  13 hornets
  11 blink frogs
  8 tyrant leeches
  A tarantella zombie (Spider:4)
  2 water elementals (Elf:1)
  60 redbacks
  2 shadows
  2 dire elephant simulacra (IceCv)
  25 tarantellas
  49 yaks
  13 spriggans
  3 wyverns
  Eustachio (D:5)
  7 wraiths
  8 basilisks
  8 fire elementals
  23 fire bats (D:8)
  A steam dragon (D:7)
  Grum (D:9)
  4 swamp worm simulacra (Swamp:4)
  6 vampire mosquitoes
  2 death yak simulacra (IceCv)
  Menkaure (D:5)
  3 acid dragons (D:12)
  6 wargs
  2 harpy simulacra (IceCv)
  17 swamp worms
  14 hydra simulacra (Swamp:4)
  10 water moccasins
  6 hell hounds
  4 swamp drakes
  2 black bears
  28 orc warriors
  3 sky beasts
  11 ice beasts
  A necrophage (D:7)
  8 ogres
  5 wolves
  7 centaurs
  Blork the orc (Orc:2)
  10 bullfrogs
  3 kobold brigands (D:11)
  A gnoll sergeant (D:7)
  A wyvern zombie (D:6)
  An earth elemental (Volcano)
  6 scorpions
  4 cane toad simulacra (IceCv)
  2 two-headed ogre simulacra (IceCv)
  A hornet simulacrum (D:7)
  10 wights
  3 killer bees
  2 howler monkeys
  10 electric eels
  3 lava snakes (Lair:1)
  A bullfrog zombie (D:5)
  5 jellies
  22 orc priests
  4 hounds
  A centaur skeleton (D:7)
  2 iguanas
  23 orc wizards
  6 polar bear simulacra (Lair:4)
  6 spriggan simulacra (IceCv)
  2 troll simulacra (IceCv)
  A killer bee zombie (D:7)
  3 wolf simulacra
  A howler monkey zombie (D:5)
  10 gnolls
  A howler monkey skeleton (D:7)
  3 naga simulacra (IceCv)
  6 adders
  A shadow imp (D:6)
  15 white imps
  2 swamp drake simulacra (Swamp:4)
  2 ufetubi (IceCv)
  2 adder skeletons (D:4)
  A worm (D:5)
  2 dart slugs
  56 orcs
  5 endoplasms
  2 giant cockroaches
  9 goblins
  10 hobgoblins
  4 jackals (D:3)
  12 kobolds
  A quokka (D:2)
  4 ball pythons
  80 bats
  4 frilled lizards
  A quokka skeleton (D:4)
  3 rats
  3 river rat simulacra (Lair:4)
  9 fulminant prisms
1110 creatures vanquished.

Vanquished Creatures (collateral kills)
  2 redbacks (Spider:1)
2 creatures vanquished.

Vanquished Creatures (others)
  2 entropy weavers (Lair:5)
  A ghost crab (Lair:5)
  2 hydras (Lair:6)
  A two-headed ogre (D:11)
  A death yak (Lair:6)
  A bog body (IceCv)
  A wizard (Lair:6)
  2 rime drakes (Lair:6)
  A komodo dragon (Lair:4)
  A freezing wraith (Swamp:4)
  A tyrant leech (Swamp:1)
  A troll (D:13)
  A blink frog (Lair:6)
  9 redbacks
  3 wraiths (D:14)
  2 tarantellas
  A hog (D:14)
  A swamp worm simulacrum (Swamp:4)
  A steam dragon (D:7)
  A harpy simulacrum (IceCv)
  A hydra simulacrum (Swamp:4)
  An orc warrior (D:10)
  2 cane toad simulacra (IceCv)
  2 spriggan simulacra (IceCv)
  2 troll simulacra (IceCv)
  2 naga simulacra (IceCv)
  A white imp (IceCv)
  A swamp drake simulacrum (Swamp:4)
  An orc (D:8)
  2 bushes
  5 foxfires
  597 fulminant prisms
  38 fungi
  112 plants
  2 withered plants (Lair:3)
803 creatures vanquished.

Grand Total: 1915 creatures vanquished

Notes
Turn   | Place    | Note
-------+----------+-------------------------------------------
     0 | D:1      | Rickety the Gnoll Conjurer began the quest for the Orb.
     0 | D:1      | Reached XP level 1. HP: 13/13 MP: 6/6
   329 | D:1      | Found a faded altar of an unknown god.
   901 | D:2      | Reached XP level 2. HP: 19/19 MP: 3/7
   904 | D:2      | Learned a level 2 spell: Searing Ray
  1592 | D:2      | Reached XP level 3. HP: 25/25 MP: 3/9
  1596 | D:2      | Learned a level 3 spell: Dazzling Flash
  1937 | D:2      | Reached skill level 5 in Spellcasting
  2106 | D:2      | Reached skill level 1 in Invocations
  2116 | D:2      | Reached skill level 1 in Fighting
  2116 | D:2      | Reached skill level 1 in Short Blades
  2116 | D:2      | Reached skill level 1 in Long Blades
  2116 | D:2      | Reached skill level 1 in Axes
  2116 | D:2      | Reached skill level 1 in Maces & Flails
  2116 | D:2      | Reached skill level 1 in Polearms
  2116 | D:2      | Reached skill level 1 in Staves
  2116 | D:2      | Reached skill level 1 in Slings
  2116 | D:2      | Reached skill level 1 in Bows
  2116 | D:2      | Reached skill level 1 in Crossbows
  2116 | D:2      | Reached skill level 1 in Throwing
  2116 | D:2      | Reached skill level 1 in Armour
  2116 | D:2      | Reached skill level 1 in Shields
  2116 | D:2      | Reached skill level 1 in Unarmed Combat
  2116 | D:2      | Reached skill level 1 in Evocations
  2428 | D:3      | Reached XP level 4. HP: 32/32 MP: 9/11
  2894 | D:3      | Reached skill level 1 in Hexes
  2894 | D:3      | Reached skill level 1 in Summonings
  2894 | D:3      | Reached skill level 1 in Necromancy
  2894 | D:3      | Reached skill level 1 in Translocations
  2894 | D:3      | Reached skill level 1 in Transmutations
  2894 | D:3      | Reached skill level 1 in Fire Magic
  2894 | D:3      | Reached skill level 1 in Ice Magic
  2894 | D:3      | Reached skill level 1 in Air Magic
  2894 | D:3      | Reached skill level 1 in Earth Magic
  2894 | D:3      | Reached skill level 1 in Poison Magic
  3092 | D:3      | Reached XP level 5. HP: 37/37 MP: 12/12
  3306 | D:4      | Found a staircase to the Ecumenical Temple.
  3322 | Temple   | Entered the Ecumenical Temple
  3536 | Temple   | Became a worshipper of Vehumet
  3888 | D:4      | Reached XP level 6. HP: 44/44 MP: 13/13
  3982 | D:4      | Noticed a black bear
  3990 | D:4      | Killed a black bear
  3991 | D:4      | Reached skill level 5 in Dodging
  4253 | D:4      | Noticed a sky beast
  4260 | D:4      | Killed a sky beast
  4261 | D:4      | Reached XP level 7. HP: 50/50 MP: 15/15
  4354 | D:5      | Entered Level 5 of the Dungeon
  4707 | D:5      | Noticed Menkaure
  4712 | D:5      | Killed Menkaure
  4712 | D:5      | Reached * piety under Vehumet
  4712 | D:5      | Offered knowledge of Shock by Vehumet.
  4713 | D:5      | Reached skill level 5 in Stealth
  4805 | D:5      | Noticed Eustachio
  4810 | D:5      | Killed Eustachio
  4811 | D:5      | Reached XP level 8. HP: 57/57 MP: 16/16
  5842 | D:6      | Reached XP level 9. HP: 65/65 MP: 18/18
  6131 | D:6      | Learned a level 3 spell: Summon Guardian Golem
  6165 | D:6      | Identified the +7 hand axe "Hell-Harrower" {vorpal, rN+
                  | Will+++}
  7202 | D:7      | Reached ** piety under Vehumet
  7220 | D:7      | Offered knowledge of Freeze by Vehumet.
  7449 | D:7      | Reached skill level 5 in Invocations
  7638 | D:7      | Noticed a manticore
  7649 | D:7      | Killed a manticore
  7650 | D:7      | Reached XP level 10. HP: 27/73 MP: 20/20
  7911 | D:7      | Noticed a deep elf pyromancer
  7917 | D:7      | Killed a deep elf pyromancer
  7918 | D:7      | Reached skill level 5 in Fighting
  7918 | D:7      | Reached skill level 5 in Short Blades
  7918 | D:7      | Reached skill level 5 in Long Blades
  7918 | D:7      | Reached skill level 5 in Axes
  7918 | D:7      | Reached skill level 5 in Maces & Flails
  7918 | D:7      | Reached skill level 5 in Polearms
  7918 | D:7      | Reached skill level 5 in Staves
  7918 | D:7      | Reached skill level 5 in Slings
  7918 | D:7      | Reached skill level 5 in Bows
  7918 | D:7      | Reached skill level 5 in Crossbows
  7918 | D:7      | Reached skill level 5 in Throwing
  7918 | D:7      | Reached skill level 5 in Armour
  7918 | D:7      | Reached skill level 5 in Shields
  7918 | D:7      | Reached skill level 5 in Unarmed Combat
  7918 | D:7      | Reached skill level 5 in Evocations
  8808 | D:8      | Noticed Joseph
  8822 | D:8      | Killed Joseph
  8864 | D:8      | Noticed a two-headed ogre
  9629 | D:8      | Killed a two-headed ogre
  9629 | D:8      | Offered knowledge of Mephitic Cloud by Vehumet.
  9934 | D:8      | Learned a level 3 spell: Mephitic Cloud
  9939 | D:8      | Learned a level 4 spell: Fulminant Prism
  9944 | D:8      | Learned a level 4 spell: Iskenderun's Mystic Blast
  9966 | D:8      | Learned a level 3 spell: Swiftness
 10092 | D:8      | Found a runed translucent door.
 10125 | D:8      | Reached XP level 11. HP: 57/81 MP: 7/22
 10230 | D:8      | Reached *** piety under Vehumet
 10298 | D:8      | Offered knowledge of Inner Flame by Vehumet.
 10299 | D:8      | Reached skill level 5 in Hexes
 10299 | D:8      | Reached skill level 5 in Summonings
 10299 | D:8      | Reached skill level 5 in Necromancy
 10299 | D:8      | Reached skill level 5 in Translocations
 10299 | D:8      | Reached skill level 5 in Transmutations
 10299 | D:8      | Reached skill level 5 in Fire Magic
 10299 | D:8      | Reached skill level 5 in Ice Magic
 10299 | D:8      | Reached skill level 5 in Air Magic
 10299 | D:8      | Reached skill level 5 in Earth Magic
 10299 | D:8      | Reached skill level 5 in Poison Magic
 10329 | D:8      | Reached **** piety under Vehumet
 10453 | D:8      | Offered knowledge of Bolt of Magma by Vehumet.
 10491 | D:8      | Found a hide-covered altar of Uskayaw.
 10513 | D:8      | Found a blossoming altar of Fedhas.
 10534 | D:8      | Found an iron altar of Okawaru.
 10567 | D:8      | Found a glowing golden altar of the Shining One.
 10595 | D:8      | Noticed a flayed ghost
 10627 | D:8      | Found a glowing silver altar of Zin.
 10649 | D:8      | Found a stormy altar of Qazlal.
 10803 | D:8      | Found a staircase to the Lair.
 10803 | D:8      | You fall into a shaft and drop 2 floors!
 10803 | D:10     | Entered Level 10 of the Dungeon
 10841 | D:10     | Reached ***** piety under Vehumet
 10841 | D:10     | Offered knowledge of Yara's Violent Unravelling by Vehumet.
 11037 | D:9      | Noticed Grum
 11044 | D:9      | Killed Grum
 11306 | D:9      | Noticed Gastronok
 11806 | D:9      | Killed Gastronok
 11807 | D:9      | Reached XP level 12. HP: 89/89 MP: 12/24
 12436 | D:10     | Noticed a two-headed ogre
 12440 | D:10     | Killed a two-headed ogre
 12498 | D:10     | Found Qollae's Armour Boutique.
 12716 | D:10     | Found a staircase to the Orcish Mines.
 12753 | D:10     | Found a shimmering blue altar of Sif Muna.
 13228 | D:11     | Noticed a two-headed ogre
 13245 | D:10     | Killed a two-headed ogre
 13501 | Orc:1    | Entered Level 1 of the Orcish Mines
 13516 | D:11     | Noticed a two-headed ogre
 13522 | D:11     | Killed a two-headed ogre
 14656 | D:11     | Learned a level 5 spell: Yara's Violent Unravelling
 14741 | Lair:1   | Entered Level 1 of the Lair of Beasts
 14853 | Lair:1   | Found a glowing silver altar of Zin.
 14867 | Lair:1   | Found a frozen archway.
 14876 | IceCv    | Entered an ice cave
 15283 | IceCv    | Offered knowledge of Sticky Flame by Vehumet.
 16079 | IceCv    | Reached XP level 13. HP: 98/98 MP: 26/26
 17327 | Lair:1   | Found a runed translucent door.
 17906 | Lair:2   | Reached skill level 10 in Conjurations
 18628 | Lair:2   | Offered knowledge of Fireball by Vehumet.
 19228 | Lair:3   | Noticed Prince Ribbit
 19228 | Lair:3   | Noticed Sonja
 19240 | Lair:2   | Reached skill level 10 in Spellcasting
 19358 | Lair:3   | Killed Sonja
 19388 | Lair:2   | Killed Prince Ribbit
 19895 | Lair:3   | Found a runed translucent door.
 19896 | Lair:3   | Noticed jjjjhere's ghost (journeyman PaFi)
 19985 | Lair:3   | Learned a level 2 spell: Blink
 20077 | Lair:3   | Reached XP level 14. HP: 61/106 MP: 25/28
 20352 | Lair:3   | Found a staircase to the Swamp.
 20911 | Lair:4   | Got Qohehu's Papyrus of Freezing Displacement
 20971 | Lair:4   | Reached skill level 10 in Dodging
 21243 | Lair:4   | Found a hole to the Spider Nest.
 21959 | Lair:5   | Found a staircase to the Slime Pits.
 22017 | Lair:5   | Found a runed translucent door.
 22019 | Lair:5   | Identified the +2 chain mail "Lerit" {rN+ Dex+4 Slay-6}
 22401 | Lair:5   | Reached skill level 10 in Stealth
 22778 | Lair:6   | Entered Level 6 of the Lair of Beasts
 23240 | Lair:6   | Reached skill level 10 in Invocations
 24521 | Lair:6   | Offered knowledge of Freezing Cloud by Vehumet.
 25640 | Lair:6   | Found a burning altar of Makhleb.
 25683 | Lair:6   | Reached XP level 15. HP: 73/115 MP: 17/29
 25689 | Lair:6   | Learned a level 5 spell: Freezing Cloud
 26604 | Lair:6   | Found a gateway to Hell.
 27775 | Orc:2    | Entered Level 2 of the Orcish Mines
 28053 | Orc:2    | Noticed an orc warlord
 28063 | Orc:2    | Killed an orc warlord
 28077 | Orc:2    | Offered knowledge of Eringya's Noxious Bog by Vehumet.
 28206 | Orc:2    | Found a dark tunnel.
 28212 | Volcano  | Entered a volcano
 28495 | Volcano  | Found the +3 pair of gauntlets of War {Slay+5}
 28512 | Volcano  | Reached skill level 10 in Fighting
 28512 | Volcano  | Reached skill level 10 in Short Blades
 28512 | Volcano  | Reached skill level 10 in Long Blades
 28512 | Volcano  | Reached skill level 10 in Axes
 28512 | Volcano  | Reached skill level 10 in Maces & Flails
 28512 | Volcano  | Reached skill level 10 in Polearms
 28512 | Volcano  | Reached skill level 10 in Staves
 28512 | Volcano  | Reached skill level 10 in Slings
 28512 | Volcano  | Reached skill level 10 in Bows
 28512 | Volcano  | Reached skill level 10 in Crossbows
 28512 | Volcano  | Reached skill level 10 in Throwing
 28512 | Volcano  | Reached skill level 10 in Armour
 28512 | Volcano  | Reached skill level 10 in Shields
 28512 | Volcano  | Reached skill level 10 in Unarmed Combat
 28512 | Volcano  | Reached skill level 10 in Evocations
 29206 | Orc:2    | Noticed an orc warlord
 29224 | Orc:2    | Killed an orc warlord
 29586 | Orc:2    | Noticed Blork the orc
 29595 | Orc:2    | Killed Blork the orc
 29769 | Orc:2    | Found Mogripigh's General Store.
 29889 | Orc:2    | Found Etiolual's Antique Weapon Emporium.
 30064 | Orc:2    | Found Idis's Antique Armour Emporium.
 30070 | Orc:2    | Bought an embroidered robe for 114 gold pieces
 30070 | Orc:2    | Bought a glowing buckler for 232 gold pieces
 30070 | Orc:2    | Bought a pair of glowing boots for 232 gold pieces
 30175 | Orc:2    | Found a staircase to the Elven Halls.
 30232 | Orc:2    | Found Oraoteot's Book Emporium.
 30562 | D:12     | Offered knowledge of Conjure Ball Lightning by Vehumet.
 30744 | D:12     | Noticed Rupert
 30747 | D:12     | Paralysed by Rupert for 5 turns
 30769 | D:12     | Killed Rupert
 32234 | D:12     | Found an iron altar of Okawaru.
 32582 | D:13     | Noticed Azrael
 32589 | D:13     | Killed Azrael
 32590 | D:13     | Reached XP level 16. HP: 103/123 MP: 8/31
 32865 | D:13     | Found an ancient bone altar of Kikubaaqudgha.
 33839 | D:14     | Found a gate to the Vaults.
 34016 | D:14     | Noticed Josephine
 34020 | D:14     | Killed Josephine
 34039 | D:14     | Noticed Kirke
 34059 | D:14     | Killed Kirke
 34218 | D:14     | Found a stormy altar of Qazlal.
 35513 | Spider:1 | Entered Level 1 of the Spider Nest
 35760 | Spider:1 | Noticed Asterion
 35761 | Spider:1 | Offered knowledge of Starburst by Vehumet.
 35790 | Spider:1 | Noticed an Executioner
 35799 | Spider:1 | Killed Asterion
 36407 | Spider:1 | Noticed Aizul
 36420 | Spider:1 | Killed Aizul
 37360 | Lair:1   | Identified the +7 whip of the Vestibule of Hell {vorpal,
                  | Dex+6}
 37361 | Lair:1   | Found a runed translucent gate.
 37361 | Lair:1   | Found a runed translucent gate.
 37361 | Lair:1   | Found a runed translucent gate.
 37361 | Lair:1   | Found a runed translucent gate.
 37361 | Lair:1   | Found a runed translucent gate.
 37361 | Lair:1   | Found a runed translucent gate.
 37819 | D:8      | Identified the +4 robe "Kisu" {-Tele rN+++ Slay+5 Stlth-}
 38032 | Lair:3   | Killed jjjjhere's ghost
 38901 | Lair:5   | Reached XP level 17. HP: 86/130 MP: 19/33
 40389 | Spider:2 | You fall into a shaft and drop 1 floor!
 40409 | Spider:3 | Found a runed translucent gate.
 40409 | Spider:3 | Found a runed translucent gate.
 40409 | Spider:3 | Found a runed translucent gate.
 40410 | Spider:3 | Noticed Cumomo's ghost (adept SpEn)
 40524 | Spider:3 | Reached ****** piety under Vehumet
 40716 | Spider:3 | Noticed Arachne
 40742 | Spider:3 | Killed Arachne
 42790 | Spider:3 | Learned a level 5 spell: Borgnjor's Vile Clutch
 42832 | Spider:4 | Entered Level 4 of the Spider Nest
 42974 | Spider:4 | Noticed Donald
 42982 | Spider:4 | Killed Donald
 42983 | Spider:4 | Reached skill level 10 in Hexes
 42983 | Spider:4 | Reached skill level 10 in Summonings
 42983 | Spider:4 | Reached skill level 10 in Necromancy
 42983 | Spider:4 | Reached skill level 10 in Translocations
 42983 | Spider:4 | Reached skill level 10 in Transmutations
 42983 | Spider:4 | Reached skill level 10 in Fire Magic
 42983 | Spider:4 | Reached skill level 10 in Ice Magic
 42983 | Spider:4 | Reached skill level 10 in Air Magic
 42983 | Spider:4 | Reached skill level 10 in Earth Magic
 42983 | Spider:4 | Reached skill level 10 in Poison Magic
 44009 | Swamp:1  | Entered Level 1 of the Swamp
 44300 | Swamp:1  | Offered knowledge of Fire Storm by Vehumet.
 44300 | Swamp:1  | Offered knowledge of Chain Lightning by Vehumet.
 44300 | Swamp:1  | Offered knowledge of Polar Vortex by Vehumet.
 45400 | Swamp:1  | Reached XP level 18. HP: 140/140 MP: 34/34
 46786 | Swamp:3  | Noticed a tentacled monstrosity
 46924 | Swamp:3  | Killed a tentacled monstrosity
 47937 | Swamp:4  | Entered Level 4 of the Swamp
 48828 | Swamp:4  | Identified the +8 flail "Saishaoj" {freeze, +Blink Stlth+}
 49668 | Swamp:4  | Got a decaying rune of Zot
 50080 | Elf:1    | Entered Level 1 of the Elven Halls
 50621 | Elf:1    | Found Jant's Antique Weapon Boutique.
 51180 | Elf:1    | Identified the +7 rapier "Qaruwor" {vamp, Str+4}
 51195 | Elf:1    | Reached XP level 19. HP: 108/147 MP: 14/36
 51332 | Elf:1    | You fall into a shaft and drop 1 floor!
 51459 | Elf:2    | Collided with a metal wall

Illustrated notes

Levels and vault maps discovered:
D:1:      elethiomel_arrival_infinity_welcomes_careful_drivers, layout_basic,
          dreamdust_ecumenical_altar_grove, wad_floor_pattern_2,
          corexii_corridor_pit
D:2:      cheibrodos_greedy_goblins, layout_loops_corners, minmay_statues_item,
          minmay_diced_spiral
D:3:      layout_rooms, minmay_misc_feat_doors, kennysheep_small_spiral,
          lexackson_kobold_supper
D:4:      layout_loops_ring, minmay_temple_entry_large_hall
D:5:      layout_loops_ring, uniq_menkaure, uniq_eustachio
D:6:      layout_cave_pools, serial_co_window_serial,
          co_window_of_opportunity_a, co_window_cross_1, co_window_corner_a,
          co_window_of_opportunity_a, co_window_corner_a,
          co_window_unsneaky_path_b, co_window_corner_b,
          co_window_of_opportunity_b, co_window_corner_b, co_window_paths_c,
          co_window_unsneaky_path_b, co_window_of_opportunity_c,
          co_window_4corner_a, glass_columns_b, glass_columns_b,
          glass_columns_b, glass_columns_a
D:7:      nzn_winding_woodlands_cross
          [nzn_winding_woodlands_5x15_river_crossing,
          nzn_winding_woodlands_5x15_sidewinder,
          nzn_winding_woodlands_5x15_twine, nzn_winding_woodlands_5x15_pool,
          nzn_winding_woodlands_15x15_boxy_spiral], layout_loops_ring,
          enter_ossuary_2
D:8:      due_megacathedral, layout_basic, grunt_lair_entry_orc_guard_hut,
          lemuel_another_geyser, uniq_joseph
D:9:      layout_cave_pools, serial_bayou_lake_a, uniq_grum, uniq_gastronok
D:10:     layout_roguey, amcnicky_altar_gilded, orc_david_3,
          grunt_decor_one_mirror
D:11:     layout_basic
D:12:     nzn_motion_control, layout_irregular_city,
          chequers_serial_rivers_marsh, okawaru_trees_1, uniq_rupert
D:13:     kennysheep_blocky_hall, layout_loops_ring,
          nicolae_kikubaaqudgha_miasma_corner, uniq_azrael
D:14:     layout_basic, erik_vaults_1, nicolae_qazlal_style_of_elements,
          uniq_josephine, uniq_kirke
Temple:   compressed_dpeg_triangle_lava_temple
Lair:1:   gammafunk_indiana_jones, layout_long_grid, portal_ice_cave_rime,
          basic_altar, lemuel_fruit_tree
Lair:2:   layout_gridlike, chequers_serial_rivers_room_b,
          chequers_serial_rivers_micro_e, ice2_lemuel, infiniplex_staircase_pool
Lair:3:   layout_hall_layers, swamp_mist_pool, gammafunk_ghost_grave,
          kennysheep_basilisk_garden, serial_bayou_shore_a, grunt_megastairs_5,
          uniq_sonja, uniq_prince_ribbit2
Lair:4:   layout_roguey, spider_nest_entry_a, hangedman_lair_unloving_vines,
          eino_house_with_fridge
Lair:5:   gammafunk_mikee_crab_dinner, layout_regular_city,
          minmay_slime_entry_pillars, lemuel_fruit_fields, grunt_megastairs_4
Lair:6:   evil_forest, layout_layer_cave, serial_bayou_lagoon_b
Swamp:1:  nicolae_swamp_secret_spriggan_hideout, layout_basic_swamp,
          evilmike_swamp_ruin_house_4
Swamp:2:  layout_basic_swamp, evilmike_swamp_ruin_house_6
Swamp:3:  layout_basic_swamp, evilmike_swamp_ruin_house_2, swamp_pool5
Swamp:4:  swamp_icy, layout_basic_swamp, worms_lemuel
Spider:1: layout_chambers, uniq_aizul, uniq_asterion
Spider:2: layout_spider_delve, lemuel_hornet_nest
Spider:3: layout_chambers, gammafunk_ghost_split, uniq_arachne
Spider:4: floodkiller_spider_rune_tomb, uniq_donald
Orc:1:    layout_caves
Orc:2:    grunt_orc_cross, layout_diamond_mine, enter_volcano_2
Elf:1:    minmay_elf_arrival_summoners, layout_loops_ring, serial_shops, shop,
          minmay_elf_sorcery, grunt_ministairs_3, nicolae_elf_deep_mausoleum,
          uniq_agnes
Elf:2:    elven_hall_of_blades_hangedman_original
          [nicolae_blade_entry_diamond_columns], layout_gridlike, serial_shops,
          bzr_entry_dummy

Skill      XL: |  1  2  3  4  5  6  7  8  9 10 11 12 13 14 15 16 17 18 |
---------------+-------------------------------------------------------+-----
Spellcasting   | 5 6 7 8 9 10 11 12 13 | 13.4
Invocations    | 1 2 3 4 5 6 7 8 9 10 11 12 13 | 13.6
Fighting       | 1 2 3 4 5 6 7 8 9 10 11 12 | 12.6
Short Blades   | 1 2 3 4 5 6 7 8 9 10 11 12 | 12.6
Long Blades    | 1 2 3 4 5 6 7 8 9 10 11 12 | 12.6
Axes           | 1 2 3 4 5 6 7 8 9 10 11 12 | 12.6
Maces & Flails | 1 2 3 4 5 6 7 8 9 10 11 12 | 12.6
Polearms       | 1 2 3 4 5 6 7 8 9 10 11 12 | 12.6
Staves         | 1 2 3 4 5 6 7 8 9 10 11 12 | 12.6
Slings         | 1 2 3 4 5 6 7 8 9 10 11 12 | 12.6
Bows           | 1 2 3 4 5 6 7 8 9 10 11 12 | 12.6
Crossbows      | 1 2 3 4 5 6 7 8 9 10 11 12 | 12.6
Throwing       | 1 2 3 4 5 6 7 8 9 10 11 12 | 12.6
Armour         | 1 2 3 4 5 6 7 8 9 10 11 12 | 12.6
Shields        | 1 2 3 4 5 6 7 8 9 10 11 12 | 12.6
Unarmed Combat | 1 2 3 4 5 6 7 8 9 10 11 12 | 12.6
Evocations     | 1 2 3 4 5 6 7 8 9 10 11 12 | 12.6
Hexes          | 1 2 3 4 5 6 7 8 9 10 | 10.8
Summonings     | 1 2 3 4 5 6 7 8 9 10 | 10.8
Necromancy     | 1 2 3 4 5 6 7 8 9 10 | 10.8
Translocations | 1 2 3 4 5 6 7 8 9 10 | 10.8
Transmutations | 1 2 3 4 5 6 7 8 9 10 | 10.8
Fire Magic     | 1 2 3 4 5 6 7 8 9 10 | 10.8
Ice Magic      | 1 2 3 4 5 6 7 8 9 10 | 10.8
Air Magic      | 1 2 3 4 5 6 7 8 9 10 | 10.8
Earth Magic    | 1 2 3 4 5 6 7 8 9 10 | 10.8
Poison Magic   | 1 2 3 4 5 6 7 8 9 10 | 10.8
Dodging        | 5 6 7 8 9 10 11 12 13 | 13.3
Stealth        | 5 6 7 8 9 10 11 12 13 | 13.2
Conjurations   | 8 9 10 11 12 | 12.6

Action                   |  1- 3 |  4- 6 |  7- 9 | 10-12 | 13-15 | 16-18 | 19-21 || total
-------------------------+-------+-------+-------+-------+-------+-------+-------++-------
Melee: Whip              |     2 |     4 |       |       |       |       |       ||     6
       Staff             |       |       |       |    10 |    46 |   196 |    22 ||   274
       Bite              |       |       |       |       |     3 |    21 |     2 ||    26
       Dagger            |       |       |       |       |     3 |    11 |     1 ||    15
       Short sword       |       |       |       |       |     1 |       |       ||     1
       Unarmed           |       |       |       |       |       |     4 |       ||     4
 Cast: Magic Dart        |    37 |    24 |    21 |    80 |   131 |   139 |     3 ||   435
       Searing Ray       |     9 |    14 |    58 |   116 |   132 |   111 |       ||   440
       Summon Guardian G |       |       |     2 |    19 |    20 |    48 |       ||    89
       Fulminant Prism   |       |       |       |    81 |   234 |   286 |     8 ||   609
       Iskenderun's Myst |       |       |       |    13 |    81 |   195 |    10 ||   299
       Mephitic Cloud    |       |       |       |     7 |    45 |    32 |     1 ||    85
       Dazzling Flash    |       |       |       |       |    12 |    14 |       ||    26
       Yara's Violent Un |       |       |       |       |    12 |     2 |     2 ||    16
       Blink             |       |       |       |       |     5 |    11 |       ||    16
       Swiftness         |       |       |       |       |     2 |     1 |       ||     3
       Freezing Cloud    |       |       |       |       |    63 |    51 |     4 ||   118
       Borgnjor's Vile C |       |       |       |       |       |    10 |       ||    10
Evoke: Wand              |       |       |       |       |     2 |    14 |       ||    16
  Use: Scroll            |       |       |       |       |    18 |     9 |       ||    27
       Potion            |       |       |       |       |     3 |     6 |       ||     9
 Stab: Confused          |       |       |       |       |     3 |     3 |       ||     6
       Invisible         |       |       |       |       |     1 |     2 |       ||     3
       Petrified         |       |       |       |       |     3 |       |       ||     3
       Sleeping          |       |       |       |       |     1 |     4 |     1 ||     6
Armor: Robe              |       |     2 |     8 |     1 |     1 |       |       ||    12
       Steam dragon scal |       |       |       |    59 |    85 |       |       ||   144
       Troll leather arm |       |       |       |       |    15 |   270 |     9 ||   294
Dodge: Dodged            |     1 |     8 |    22 |   142 |   142 |   397 |    13 ||   725
Block: Buckler           |       |       |    11 |    58 |   134 |   371 |    18 ||   592
       Reflection        |       |       |       |       |    10 |    17 |     2 ||    29
